Map: Traitor's Exile

Players

Faust

  • Race: Zerg Zerg
  • League: Diamond
  • Spawn Location: 6:00

Throwfordays

  • Race: Protoss Protoss
  • League: Silver
  • Spawn Location: 5:00

hotquac

  • Race: Zerg Zerg
  • Spawn Location: 12:00

AidsBaby

  • Race: Zerg Zerg
  • Spawn Location: 9:00

VOD

Have the link to the VOD?

Description

Time

  • Played on: March 6, 2019, 11:33 p.m.
  • Length: 13:35
Show
View Real Time Build Order
Export as new Build Order

Faust Zerg 

Build Orders: Hatch First, Zergling Baneling 

Get SALT Encoding   

  12  0:01  Drone  
  13  0:08  Drone  
  14  0:15  Extractor  
  14  0:16  Drone  
  15  0:23  Overlord  
  15  0:42  Drone  
  16  0:43  Drone  
  17  0:56  Hatchery  
  16  1:01  Drone  
  16  1:04  Extractor  
  16  1:05  Drone  
  17  1:20  Spawning Pool  
  17  1:22  Drone  
  17  1:26  Drone  
  17  1:29  Drone  
  19  1:38  Overlord  
  19  2:07  Metabolic Boost  
  19  2:08  Queen  
  19  2:09  Queen  
  19  2:11  Drone  
  19  2:14  Drone  
  25  2:19  Zergling x2  
  25  2:21  Zergling x2  
  27  2:25  Zergling x2  
  28  2:33  Baneling Nest  
  28  2:36  Zergling x2  
  28  2:41  Zergling x4  
  28  2:57  Zergling x6  
  30  3:06  Drone  
  29  3:20  Baneling x3  
  29  3:22  Baneling  
  27  3:27  Zergling x2  
  27  3:28  Zergling x12  
  23  4:28  Zergling x2  
  23  4:29  Zergling x10  
  28  4:38  Baneling  
  28  4:42  Hatchery  
  27  4:48  Baneling x2  
  27  4:49  Baneling  
  27  5:05  Drone x3  
  30  5:15  Overlord  
  30  5:34  Overlord  
  30  5:46  Roach Warren  
  29  5:54  Queen, Drone x5  
  29  5:55  Overlord  
  36  6:04  Drone  
  37  6:12  Drone x2  
  37  6:13  Drone x2  
  41  6:19  Lair, Hatchery  
  40  6:29  Drone  
  40  6:30  Drone  
  40  6:31  Drone x2  
  44  6:42  Drone x2  
  44  6:46  Baneling x5  
  46  6:55  Zergling x6  
  46  6:56  Zergling x2  
  47  7:24  Zergling x2  
  47  7:25  Zergling x10  
  47  7:44  Zergling x14  
  32  7:45  Baneling x3  
  32  7:46  Baneling x3  
  32  7:48  Roach  
  30  8:06  Zergling x4  
  30  8:07  Zergling x4  
  30  8:18  Queen, Drone x2  
  30  8:22  Overlord  
  30  8:23  Drone  
  30  8:24  Drone  
  28  8:28  Roach  
  26  8:36  Drone  
  26  8:37  Drone  
  26  8:44  Drone  
  27  8:53  Drone x3  
  27  8:54  Drone  
  28  8:58  Queen  
  30  9:03  Hydralisk Den  
  30  9:06  Drone x2  
  31  9:12  Drone  
  32  9:24  Drone x3  
  35  9:28  Zergling x6  
  38  9:35  Baneling x5  
  38  9:39  Ravager  
  37  10:06  Drone x2  
  37  10:07  Drone x3  
  39  10:13  Roach x4  
  48  10:22  Hatchery, Glial Reconstitution, Evolution Chamber  
  48  10:25  Evolution Chamber  
  48  10:27  Drone  
  46  10:30  Drone x3  
  49  10:40  Drone  
  49  10:42  Baneling x2  
  50  10:45  Drone x4  
  54  10:52  Zerg Missile Weapons Level 1  
  54  10:59  Extractor  
  53  11:15  Extractor  
  53  11:16  Extractor, Drone x2  
  53  11:17  Drone x2  
  53  11:18  Drone x2  
  57  11:19  Drone x2  
  57  11:20  Drone  
  60  11:31  Roach x3  
  60  11:32  Roach  
  68  11:34  Overlord  
  68  11:36  Queen  
  68  11:38  Overlord  
  67  11:55  Drone x6  
  67  11:57  Zergling x4  
  67  12:00  Centrifical Hooks  
  75  12:11  Zergling x10  
  75  12:13  Zergling x4  
  82  12:22  Zergling x4  
  81  12:23  Zergling x4  
  81  12:27  Baneling x4  
  83  12:34  Baneling x4  
  73  12:37  Baneling x3  
  73  12:40  Zergling x12  
  40  13:08  Extractor, Drone x3  
  40  13:09  Extractor, Drone x3  
Show
View Real Time Build Order
Export as new Build Order

Throwfordays Protoss 

Build Orders: Double Forge, Nexus First 

Get SALT Encoding   

  12  0:01  Probe  
  13  0:14  Probe  
  14  0:26  Probe  
  15  0:47  Nexus  
  15  1:01  Pylon  
  15  1:19  Probe  
  15  1:24  Gateway  
  16  1:27  Gateway  
  16  1:31  Probe  
  17  1:35  Assimilator  
  17  1:43  Probe  
  18  1:48  Forge  
  18  1:57  Pylon  
  18  2:02  Pylon  
  18  2:03  Probe  
  19  2:11  Probe  
  20  2:19  Probe  
  22  2:27  Zealot  
  24  2:38  Pylon  
  26  3:02  Probe  
  26  3:03  Photon Cannon  
  25  3:07  Photon Cannon  
  20  3:15  Probe  
  19  3:21  Probe  
  21  3:27  Probe  
  21  3:33  Probe  
  21  3:34  Gateway  
  22  3:38  Forge  
  22  3:39  Probe  
  23  3:42  Pylon  
  23  3:54  Gateway  
  17  4:10  Probe  
  17  4:22  Probe  
  18  4:28  Pylon  
  18  4:34  Probe  
  19  4:40  Pylon  
  19  4:46  Probe  
  19  4:49  Zealot  
  19  4:50  Zealot  
  24  4:55  Photon Cannon  
  24  4:59  Photon Cannon  
  24  5:05  Photon Cannon  
  24  5:23  Assimilator  
  24  5:25  Probe  
  25  5:37  Probe  
  26  5:47  Nexus  
  26  5:49  Probe  
  27  6:17  Pylon  
  27  6:20  Cybernetics Core  
  27  6:34  Warp Gate  
  27  6:36  Nexus  
  27  6:40  Assimilator  
  27  6:45  Assimilator  
  27  6:52  Pylon  
  27  6:54  Zealot x2  
  27  6:55  Pylon  
  27  6:58  Probe  
  32  7:07  Probe  
  32  7:15  Probe  
  34  7:28  Zealot x2  
  38  7:31  Zealot  
  40  7:40  Probe  
  41  7:50  Probe  
  42  7:52  Probe  
  41  8:02  Probe  
  41  8:04  Probe  
  41  8:16  Probe  
  40  8:23  Stalker x3  
  40  8:24  Stalker  
  40  8:27  Probe x2  
  44  8:35  Probe x2  
  46  8:43  Probe  
  46  8:44  Probe  
  48  8:55  Probe  
  49  8:56  Stalker x3  
  49  8:57  Stalker, Probe  
  58  9:07  Probe  
  58  9:09  Probe  
  60  9:19  Probe  
  60  9:21  Probe  
  62  9:31  Sentry  
  62  9:32  Sentry, Stalker  
  62  9:33  Stalker, Probe  
  71  9:38  Probe  
  71  9:41  Assimilator  
  71  9:43  Probe  
  71  9:45  Assimilator, Probe  
  72  9:51  Probe  
  71  9:55  Probe  
  71  9:57  Probe  
  73  10:03  Probe  
  74  10:07  Probe  
  74  10:09  Probe  
  74  10:15  Probe  
  74  10:19  Probe  
  74  10:20  Protoss Ground Weapons Level 1  
  76  10:21  Probe  
  76  10:27  Probe  
  78  10:31  Probe  
  78  10:33  Probe  
  80  10:44  Forge  
  80  10:45  Forge  
  80  10:48  Twilight Council  
  80  10:49  Stalker x2  
  84  10:50  Stalker x2  
  84  10:51  Robotics Facility x2  
  84  10:53  Robotics Facility  
  86  11:45  Adept x3  
  86  11:46  Adept  
  70  12:04  Twilight Council  
  62  12:09  Pylon  
  62  12:11  Pylon, Adept x3  
  62  12:12  Adept  
  62  12:14  Pylon  
  70  12:17  Pylon  
  70  12:22  Robotics Bay  
  49  12:31  Adept  
  49  12:32  Adept  
  49  12:33  Adept x2  
  57  12:55  Adept  
  57  12:56  Adept x3  
Show
View Real Time Build Order
Export as new Build Order

hotquac Zerg 

Build Orders: Pool First 

Get SALT Encoding   

  12  0:11  Drone  
  13  0:21  Overlord  
  13  0:32  Spawning Pool  
  12  0:39  Extractor  
  12  0:42  Drone  
  12  0:43  Drone  
  13  0:50  Drone  
  13  0:56  Drone  
  15  1:05  Drone  
  16  1:22  Queen  
  16  1:23  Zergling x2  
  19  1:28  Zergling x2  
  20  1:39  Zergling x2  
  21  1:40  Metabolic Boost  
  21  1:49  Drone  
  22  1:59  Overlord  
  22  2:16  Overlord  
  22  2:32  Zergling x4  
  22  2:33  Zergling x4  
  26  2:41  Zergling x2  
  27  2:50  Zergling x2  
  28  3:08  Zergling x4  
  30  3:24  Zergling x2  
  31  3:32  Hatchery  
  30  4:05  Baneling Nest  
  23  4:24  Zergling x6  
  23  4:28  Hatchery  
  24  4:33  Hatchery  
  24  4:36  Drone x3  
  26  4:45  Queen  
  28  4:47  Drone  
  28  4:48  Extractor  
  28  4:50  Baneling x5  
  28  4:57  Drone  
  29  5:19  Roach Warren  
  28  5:21  Lair, Evolution Chamber  
  27  5:52  Zergling x14  
  34  6:05  Drone x5  
  34  6:07  Roach  
  41  6:14  Zerg Missile Weapons Level 1  
  41  6:24  Drone x2  
  43  6:27  Drone  
  44  6:47  Hydralisk Den  
  43  6:48  Overlord x2  
  43  7:00  Glial Reconstitution  
  43  7:06  Drone x3  
  43  7:07  Drone  
  34  7:45  Hydralisk x6  
  34  7:46  Hydralisk  
  48  7:55  Hydralisk  
  48  7:56  Grooved Spines  
  49  8:22  Hydralisk x5  
  49  8:25  Drone  
  60  8:30  Overlord  
  60  9:13  Drone x8  
  60  9:14  Overlord x4  
  68  9:29  Extractor  
  68  9:30  Overlord x2  
  67  9:34  Extractor  
  54  10:04  Hydralisk x6  
  54  10:05  Hydralisk  
  56  10:14  Drone, Hydralisk  
  55  10:26  Hatchery  
  54  10:33  Hydralisk x4  
  62  10:42  Muscular Augments  
  62  10:46  Zerg Ground Armor Level 1  
  62  10:51  Overseer  
  62  11:00  Hydralisk  
  62  11:01  Hydralisk x2  
  62  11:03  Drone  
  69  11:15  Drone x4  
  69  11:16  Drone x2  
  75  11:27  Hydralisk x2  
  79  11:53  Hydralisk x6  
  79  11:54  Hydralisk x2  
  95  12:01  Extractor  
  94  12:10  Hatchery  
  93  12:17  Hydralisk  
  93  12:18  Zergling x8  
  99  12:34  Hydralisk x2  
  99  12:35  Queen  
Show
View Real Time Build Order
Export as new Build Order

AidsBaby Zerg 

Build Orders: Pool First 

Get SALT Encoding   

  12  0:04  Drone  
  13  0:25  Spawning Pool  
  12  0:35  Extractor, Drone  
  12  0:36  Drone  
  12  0:39  Drone  
  14  0:52  Overlord  
  14  0:59  Overlord  
  14  1:15  Queen  
  17  1:18  Zergling x2  
  17  1:23  Zergling x2  
  18  1:36  Metabolic Boost  
  18  1:40  Zergling x2  
  18  1:43  Zergling x2  
  20  2:09  Zergling x4  
  21  2:53  Zergling x4  
  21  2:54  Zergling x8  
  24  3:25  Zergling x10  
  28  3:41  Hatchery  
  26  4:04  Roach Warren  
  26  4:07  Drone x3  
  26  4:08  Drone x2  
  24  5:02  Roach  
  24  5:03  Roach x5  
  24  5:04  Overlord  
  24  5:05  Overlord  
  36  5:27  Roach x3  
  42  5:34  Zergling x4  
  42  5:35  Zergling x2  
  45  5:45  Drone x3  
  45  5:49  Extractor  
  47  6:05  Lair  
  47  6:09  Drone x2  
  47  6:10  Drone  
  50  6:16  Drone  
  50  6:17  Drone  
  52  6:18  Overlord  
  52  6:21  Overlord  
  52  6:25  Overlord x2  
  52  6:57  Roach  
  52  6:58  Roach x5  
  64  7:01  Queen  
  64  7:02  Drone x2  
  64  7:03  Drone  
  43  8:46  Hydralisk Den  
  43  8:47  Drone x3  
  33  9:05  Drone  
  34  9:15  Extractor, Hatchery  
  32  9:19  Extractor, Grooved Spines  
  31  9:24  Hydralisk x4  
  31  9:25  Evolution Chamber, Hydralisk x4  
  46  9:32  Hydralisk x4  
  54  9:48  Hydralisk x2  
  54  9:51  Roach x2  
  62  10:18  Hydralisk x5  
  72  10:23  Drone  
  73  10:28  Drone  
  73  10:29  Drone x6  
  73  10:30  Muscular Augments  
  80  10:37  Zerg Missile Weapons Level 1  
  80  10:40  Overlord x2  
  80  10:53  Hydralisk x4  
  88  11:02  Hydralisk  
  88  11:03  Hydralisk  
  92  11:24  Hydralisk x3  
  92  11:25  Hydralisk  
  90  12:36  Hydralisk  
  90  12:37  Hydralisk x7  
  90  12:39  Overlord x2  
  90  12:40  Overlord  
  106  13:02  Hatchery  
  106  13:03  Hatchery  
Tags
 
Add a new tag
Caveats
  • Supply blocks, unpowered buildings, or Contaminate may cause inaccurate times.
  • Supply counts are checked every 10 seconds.